 Dungeon Crawl Stone Soup version 0.28-a0-661-g144af121cd (webtiles) character file.

Game seed: 9157663531752814531

7809 DungeonMaster the Fighter (level 11, -12/87 HPs)
             Began as a Demonspawn Wanderer on Oct 13, 2021.
             Was a Follower of Makhleb.
             Hit by a javelin thrown by Urug (21 damage)
             ... on level 10 of the Dungeon.
             The game lasted 00:24:10 (12526 turns).

DungeonMaster the Fighter (Demonspawn Wanderer)    Turns: 12526, Time: 00:24:10

Health: -12/87     AC: 16    Str: 21    XL:     11   Next: 1%
Magic:  11/11      EV:  6    Int: 13    God:    Makhleb [*.....]
Gold:   429        SH: 21    Dex: 18    Spells: 10/10 levels left

rFire   . . .      SeeInvis .   a - +1 rapier (venom)
rCold   . . .      Faith    .   u - +0 tower shield
rNeg    . . .      Spirit   .   F - +0 plate armour
rPois   .          Reflect  +   p - +0 helmet
rElec   .          Harm     .   (no cloak)
rCorr   +          Rampage  .   y - +0 pair of gloves
Will    .....                   (no boots)
Stlth   ..........              B - amulet of reflection
HPRegen 0.24/turn               E - ring of resist corrosion
MPRegen 0.12/turn               M - +6 ring of strength

@: studying Hexes
A: hooves 2, thin skeletal structure 2, demonic guardian 1, spiny 1
a: Renounce Religion


You were on level 10 of the Dungeon.
You worshipped Makhleb.
Makhleb was aware of your devotion.
You visited 2 branches of the dungeon, and saw 11 of its levels.

You collected 429 gold pieces.

Inventory:

Hand Weapons
 a - a +1 rapier of venom (weapon)
 e - a +0 hunting sling
 s - a +2 dagger of speed
 D - a +3 morningstar
 G - a +2 hand axe
 H - a +3 dagger
 I - a +0 war axe
Missiles
 j - 5 boomerangs
 l - 37 sling bullets
 n - 21 stones
 t - 23 poisoned darts (quivered)
 v - 109 bolts
 N - a curare-tipped dart
Armour
 p - a +0 helmet (worn)
 u - a +0 tower shield (worn)
 y - a +0 pair of gloves (worn)
 F - a +0 plate armour (worn)
Magical Staves
 k - a staff of poison
Jewellery
 g - an amulet of guardian spirit
 m - an amulet of magic regeneration
 r - a ring of wizardry
 B - an amulet of reflection (around neck)
 E - a ring of resist corrosion (left hand)
 M - a +6 ring of strength (right hand)
 O - the amulet of Quuh {Acrobat Fly Regen+}
   (You acquired it on level 8 of the Dungeon)

   [amulet of the acrobat]

   It increases your evasion while moving and waiting.
   Fly:       It grants you flight.
   Regen:     It increases your rate of health regeneration.
Wands
 o - a wand of flame (21)
 A - a wand of mindburst (12)
 K - a wand of polymorph (11)
 L - a wand of paralysis (4)
 P - a wand of acid (8)
Scrolls
 c - 3 scrolls of identify
 h - 2 scrolls of amnesia
 C - 3 scrolls of blinking
 J - 3 scrolls of teleportation
Potions
 b - 3 potions of curing
 d - a potion of berserk rage
 f - a potion of might
 i - 3 potions of flight
 q - a potion of cancellation
 w - a potion of ambrosia
 x - a potion of heal wounds
 z - 2 potions of lignification
 Q - a potion of haste
 R - 2 potions of invisibility


   Skills:
 * Level 8.6 Fighting
 - Level 2.6 Short Blades
 * Level 7.9 Armour
 * Level 7.6 Dodging
 - Level 1.7 Stealth
 * Level 7.1 Shields
 - Level 4.3 Evocations


You had 10 spell levels left.
You didn't know any spells.
Your spell library contained the following spells:

 Spells                   Type           Power      Damage    Failure   Level
 Foxfire                  Conj/Fire      0%         2x1d4     100%        1
 Sublimation of Blood     Necr           0%         N/A       100%        2
 Wereblood                Tmut           0%         N/A       100%        2
 Conjure Flame            Conj/Fire      0%         6-21      100%        3
 Inner Flame              Hex/Fire       0%         N/A       100%        3
 Flame Wave               Conj/Fire      0%         3d3       100%        4
 Fulminant Prism          Conj/Hex       0%         3d6       100%        4
 Iskenderun's Mystic Bla  Conj/Tloc      0%         2d3       100%        4
 Lee's Rapid Deconstruct  Erth           0%         3d5*      100%        5
 Summon Hydra             Summ           0%         N/A       100%        7


Dungeon Overview and Level Annotations

Branches:
Dungeon (10/15)            Temple (1/1) D:4            Lair (0/6) D:8
    Orc: D:9-12

Altars:
Ashenzari
Cheibriados
Dithmenos
Elyvilon
Fedhas
Gozag
Hepliaklqana
Kikubaaqudgha
Makhleb
Nemelex Xobeh
Okawaru
Qazlal
Ru
Sif Muna
Trog
Uskayaw
Vehumet
Wu Jian
Xom
Yredelemnul
Zin
The Shining One

Annotations:
D:9 1 runed translucent door, Johnny's ghost, journeyman DrIE
D:10 Urug


Innate Abilities, Weirdness & Mutations

You have hoof-like feet.
You have a moderately thin skeletal structure. (Dex +4, Stealth++)
A weak demonic guardian rushes to your aid.
You are partially covered in sharp spines.


Message History

There is an open door here.
There is a stone staircase leading down, spattered with blood here.
You open the door.
Found a scroll of vulnerability.
There is an open door here.
Found 19 gold pieces.
Urug the Orcish Ballista comes into view.
She is wielding a +4 demon trident and wearing a +2 scale mail of poison resistance.
Urug shouts!
Urug throws a javelin.
The javelin pierces through you. You block Urug's attack.
You see here 23 bolts.
You block Urug's attack.
You puncture Urug!
Urug is poisoned.
Your kick misses Urug.
Urug is lightly wounded.
You block Urug's attack. x2
You hit Urug but do no damage.
Urug is lightly wounded.
You block Urug's attack.
You hit Urug but do no damage.
Urug is lightly wounded.
You block Urug's attack.
You puncture Urug!
Urug looks as sick as possible!
Your kick misses Urug.
Urug is moderately wounded.
Urug hits you with a +4 demon trident! Urug hits you with a +4 demon trident!!
You hit Urug but do no damage.
Urug is moderately wounded.
You block Urug's attack.
You closely miss Urug. Your kick misses Urug.
Urug is moderately wounded.
Urug hits you with a +4 demon trident. Urug is struck by your spines.
Urug hits you with a +4 demon trident!
You hit Urug but do no damage. You kick Urug.
Urug is heavily wounded.
You block Urug's attack.
Urug throws a javelin.
The javelin pierces through you!!
* * * LOW HITPOINT WARNING * * *
A demonic guardian appears!
You see here 23 bolts.
Urug throws a javelin.
The javelin pierces through you!!
You die...

######+##### #####<#
#.....# ###.#####
#........
.#######+#######
#........
........<......#
#..)..... #............#
#........
#.....4......####........
#....o(.@....'..#........
#............##..........
#...$.?......####........
############## #########


You could see Urug (very poisoned, ally target) and a friendly rust devil
(summoned).

Vanquished Creatures
  A two-headed ogre (D:10)
  An ugly thing (D:6)
  A troll (D:9)
  A shadow (D:10)
  Sigmund (D:3)
  2 wyverns
  4 yaks
  A water moccasin (D:9)
  6 orc warriors
  6 black bears
  2 sky beasts
  2 necrophages
  2 ogres
  3 centaurs
  A phantom (D:4)
  A kobold brigand (D:7)
  4 bullfrogs
  3 scorpions
  A water moccasin zombie (D:6)
  A water moccasin skeleton (D:3)
  3 killer bees (D:8)
  8 wights
  A howler monkey (D:8)
  4 centaur zombies
  6 hounds
  6 orc priests
  A gnoll shaman (D:8)
  4 jellies
  An iguana (D:6)
  14 orc wizards
  A howler monkey zombie (D:9)
  2 howler monkey skeletons
  Robin (D:3)
  4 gnolls (D:8)
  3 adders
  2 white imps
  An adder zombie (D:5)
  A worm (D:2)
  3 dart slugs
  20 orcs
  5 bats
  7 endoplasms
  4 giant cockroaches
  20 goblins
  9 hobgoblins
  6 jackals
  A quokka (D:1)
  4 ball pythons
  2 frilled lizards (D:2)
  10 kobolds
  5 rats
203 creatures vanquished.

Vanquished Creatures (collateral kills)
  A wyvern (D:9)
  A yak (D:9)
  A steam dragon (D:9)
  A water moccasin zombie (D:6)
  A wight (D:7)
  An orc priest (D:4)
  2 orcs (D:7)
  An endoplasm (D:4)
  A goblin (D:4)
10 creatures vanquished.

Vanquished Creatures (others)
  An orc wizard (D:9)
  14 fungi (D:8)
  20 plants (D:8)
35 creatures vanquished.

Grand Total: 248 creatures vanquished

Notes
Turn   | Place    | Note
-------+----------+-------------------------------------------
     0 | D:1      | DungeonMaster the Demonspawn Wanderer began the quest for
                  | the Orb.
     0 | D:1      | DungeonMaster set off with the following items: a +2 short
                  | sword, a potion of curing, a +0 ring mail, a +0 dagger
     0 | D:1      | Reached XP level 1. HP: 16/16 MP: 1/1
   388 | D:1      | Gained mutation: You have a somewhat thin skeletal
                  | structure. (Dex +2, Stealth+) [demonic ancestry]
   388 | D:1      | Reached XP level 2. HP: 20/22 MP: 2/2
   679 | D:1      | Found a faded altar of an unknown god.
  1052 | D:2      | Reached skill level 1 in Dodging
  1216 | D:2      | Reached XP level 3. HP: 24/28 MP: 3/3
  1671 | D:2      | Noticed an ogre
  1907 | D:2      | Killed an ogre
  1908 | D:2      | Reached skill level 3 in Fighting
  1908 | D:2      | Reached XP level 4. HP: 21/35 MP: 2/4
  1908 | D:2      | Gained mutation: You have large cloven feet. [demonic
                  | ancestry]
  1908 | D:2      | Reached XP level 5. HP: 25/41 MP: 2/5
  2781 | D:3      | Noticed a necrophage
  2808 | D:3      | Killed a necrophage
  2946 | D:3      | Noticed Robin
  2979 | D:3      | Killed Robin
  2980 | D:3      | Gained mutation: You are partially covered in sharp spines.
                  | [demonic ancestry]
  2980 | D:3      | Reached XP level 6. HP: 37/45 MP: 4/6
  3321 | D:3      | Noticed Sigmund
  3345 | D:3      | Killed Sigmund
  3346 | D:3      | Reached skill level 4 in Fighting
  3346 | D:3      | Reached skill level 1 in Shields
  3634 | D:3      | Gained mutation: A weak demonic guardian rushes to your
                  | aid. [demonic ancestry]
  3634 | D:3      | Reached XP level 7. HP: 49/54 MP: 7/7
  4489 | D:4      | Found a staircase to the Ecumenical Temple.
  4506 | Temple   | Entered the Ecumenical Temple
  5407 | D:4      | Reached XP level 8. HP: 57/61 MP: 8/8
  5543 | D:5      | Entered Level 5 of the Dungeon
  5592 | D:5      | Reached skill level 5 in Fighting
  6579 | D:5      | Reached skill level 5 in Armour
  7065 | D:6      | Noticed a white ugly thing
  7124 | D:5      | Reached skill level 5 in Dodging
  7696 | D:6      | Killed a white ugly thing
  7697 | D:6      | Reached skill level 6 in Fighting
  7697 | D:6      | Gained mutation: You have a moderately thin skeletal
                  | structure. (Dex +4, Stealth++) [demonic ancestry]
  7697 | D:6      | Reached XP level 9. HP: 9/69 MP: 9/9
  8304 | D:6      | Found an ornate altar of the Wu Jian Council.
  8678 | Temple   | Became a worshipper of Makhleb the Destroyer
  8841 | D:7      | Found a shimmering blue altar of Sif Muna.
  8843 | D:7      | Found an opulent altar of Gozag.
  8853 | D:7      | Reached skill level 5 in Shields
  9257 | D:7      | Identified the +1 scale mail of Nailasug {Int+4}
  9427 | D:6      | Reached skill level 7 in Fighting
 10111 | D:8      | Reached * piety under Makhleb
 10172 | D:8      | Identified a scroll of acquirement
 10172 | D:8      | Acquired the amulet of Quuh {Acrobat Fly Regen+}
 10298 | D:8      | Reached XP level 10. HP: 75/79 MP: 10/10
 10559 | D:8      | Found a staircase to the Lair.
 11053 | D:9      | Noticed Johnny's ghost (journeyman DrIE)
 11056 | D:9      | Found a runed translucent door.
 11560 | D:9      | Reached skill level 8 in Fighting
 11691 | D:9      | Found a shimmering altar of Xom.
 12032 | D:10     | Entered Level 10 of the Dungeon
 12400 | D:10     | Noticed a two-headed ogre
 12416 | D:10     | Killed a two-headed ogre
 12417 | D:10     | Gained mutation: You have hoof-like feet. [demonic
                  | ancestry]
 12417 | D:10     | Reached XP level 11. HP: 87/87 MP: 11/11
 12512 | D:10     | Noticed Urug
 12526 | D:10     | Hit by a javelin thrown by Urug

Illustrated notes

Levels and vault maps discovered:
D:1:      dpeg_arrival_signposts, layout_loops_ring, basic_ecumenical_altar
D:2:      kennysheep_big_flooded_room, layout_loops_ring
D:3:      kennysheep_goblin_castle, layout_basic, uniq_sigmund
D:4:      layout_cave_pods, minmay_temple_entry_ruins, serial_column_ruins,
          column_ruins_hut, column_ruins_open_small,
          column_ruins_columns_straight, column_ruins_open_tiny_water,
          column_ruins_open_small_water
D:5:      layout_gridville
D:6:      layout_loops_ring, nicolae_wu_jian_immortal_techniques
D:7:      layout_rooms, nicolae_overflow_hidden_temple
D:8:      layout_rooms, grunt_lair_entry_orc_guard_hut, grunt_decor_arrowhead
D:9:      layout_basic, kennysheep_mini, hellmonk_ghost_happy_afterlife,
          hangedman_decor_riveting
D:10:     layout_roguey, hangedman_abyss_or_decor_passed, uniq_urug
Temple:   hc_temple_tempest_star

Skill      XL: |  1  2  3  4  5  6  7  8  9 10 |
---------------+-------------------------------+-----
Armour         | 2 3 4 5 6 7 |  7.9
Dodging        | 1 2 3 4 5 6 7 |  7.6
Fighting       | 3 4 6 7 8 |  8.6
Evocations     | 2 3 4 |  4.3
Shields        | 1 2 4 5 7 |  7.1
Short Blades   | |  2.6
Stealth        | |  1.7

Action                   |  1- 3 |  4- 6 |  7- 9 | 10-12 || total
-------------------------+-------+-------+-------+-------++-------
Melee: Dagger            |   105 |   147 |   346 |    31 ||   629
       Short sword       |     2 |       |       |       ||     2
       Kick              |       |    45 |   133 |    89 ||   267
       Morningstar       |       |       |    27 |    11 ||    38
       War axe           |       |       |     4 |       ||     4
       Rapier            |       |       |       |   131 ||   131
Throw: Dart              |       |       |     9 |    12 ||    21
Evoke: Wand              |       |       |     5 |     6 ||    11
  Use: Scroll            |     3 |     1 |     8 |    10 ||    22
       Potion            |     1 |       |     2 |       ||     3
 Stab: Sleeping          |     3 |     3 |     3 |       ||     9
       Invisible         |     2 |       |       |       ||     2
       Paralysed         |       |       |       |     3 ||     3
Armor: Ring mail         |     7 |       |       |       ||     7
       Scale mail        |    17 |    53 |    76 |       ||   146
       Plate armour      |       |       |    80 |    82 ||   162
Dodge: Dodged            |    28 |    54 |    49 |    26 ||   157
Block: Buckler           |       |     7 |       |       ||     7
       Tower shield      |       |     7 |   393 |   206 ||   606
       Reflection        |       |       |     7 |     4 ||    11

Table legend: (Time is in decaauts)
 A = Elapsed time spent in this place.
 B = Non-inter-level travel time spent in this place.
 C = Inter-level travel time spent in this place.
 D = Time resting spent in this place.
 E = Time spent auto-exploring this place.
 F = Levels seen in this place.
 G = Mean time per level.
                   A        B        C        D        E       F      G
               +--------+--------+--------+--------+--------+-----+--------+
         Total |  12653 |  12276 |    377 |   3343 |   6623 |  11 | 1150.3 |
       Dungeon |  12288 |  11958 |    330 |   3343 |   6325 |  10 | 1228.8 |
        Temple |    365 |    318 |     47 |      0 |    298 |   1 |  365.0 |
               +--------+--------+--------+--------+--------+-----+--------+

Top non-repeatable levels by time:
     D:5: 1859 daAuts
     D:6: 1662 daAuts
     D:2: 1390 daAuts
     D:3: 1388 daAuts
     D:9: 1315 daAuts
     D:4: 1199 daAuts
     D:1: 1195 daAuts
     D:7: 1063 daAuts
     D:8: 700 daAuts
    D:10: 512 daAuts
  Temple: 365 daAuts
